Map: Echo LE (Void)

Players

Phageus

  • Race: Protoss Protoss

Cereal - Winner!

  • Race: Zerg Zerg

VOD

Have the link to the VOD?

Description

Time

  • Played on: May 1, 2015, 4:53 p.m.
  • Length: 8:33
Show
View Real Time Build Order
Export as new Build Order

Phageus Protoss 

Build Orders: 1 Gate Expand, Blink Stalkers, Zealot Archon 

Get SALT Encoding   

  12  0:01  Probe  
  13  0:16  Pylon  
  13  0:17  Probe  
  14  0:34  Probe (Chrono Boost)  
  15  0:35  Gateway  
  15  0:45  Probe (Chrono Boost)  
  16  0:52  Probe (Chrono Boost)  
  16  0:54  Assimilator  
  17  0:57  Assimilator  
  17  1:03  Probe (Chrono Boost)  
  18  1:15  Probe (Chrono Boost)  
  19  1:22  Probe (Chrono Boost)  
  19  1:24  Cybernetics Core  
  20  1:43  Nexus  
  20  1:47  Probe  
  21  1:59  Probe  
  22  2:02  Pylon  
  22  2:06  Warp Gate (Chrono Boost)  
  22  2:20  Probe  
  22  2:22  Pylon  
  23  2:31  Gateway  
  23  2:34  Sentry  
  23  2:36  Mothership Core (Chrono Boost)  
  27  2:47  Forge  
  27  2:54  Probe  
  28  3:08  Gateway  
  28  3:10  Pylon  
  28  3:11  Probe  
  30  3:12  Probe  
  30  3:24  Twilight Council, Probe (Chrono Boost)  
  31  3:30  Protoss Ground Weapons Level 1 (Chrono Boost)  
  31  3:34  Probe (Chrono Boost)  
  32  3:37  Probe (Chrono Boost)  
  33  3:43  Probe (Chrono Boost)  
  33  3:45  Probe (Chrono Boost)  
  35  3:50  Probe  
  35  3:54  Probe  
  37  3:55  Sentry  
  37  3:56  Sentry  
  37  3:58  Blink (Chrono Boost)  
  42  4:02  Probe  
  42  4:06  Probe  
  43  4:14  Probe  
  44  4:18  Probe  
  45  4:25  Pylon  
  45  4:26  Assimilator  
  45  4:27  Probe, Assimilator  
  45  4:29  Sentry  
  45  4:30  Stalker, Probe  
  51  4:39  Probe  
  51  4:42  Probe  
  53  4:51  Probe  
  54  4:54  Probe  
  55  5:06  Nexus  
  55  5:07  Pylon  
  55  5:08  Robotics Facility  
  55  5:09  Protoss Ground Weapons Level 2 (Chrono Boost)  
  55  5:10  Pylon  
  55  5:13  Probe  
  55  5:14  Probe  
  57  5:25  Probe  
  57  5:26  Probe  
  59  5:29  Gateway  
  59  5:31  Gateway x2  
  59  5:37  Photon Cannon  
  59  5:39  Zealot  
  61  5:43  Zealot  
  63  5:50  Gateway  
  63  5:52  Gateway  
  63  5:59  Zealot  
  63  6:02  Zealot  
  63  6:04  Zealot  
  63  6:10  Observer (Chrono Boost)  
  60  6:20  Zealot  
  60  6:23  Zealot  
  60  6:24  Warp Prism (Chrono Boost)  
  60  6:25  Zealot  
  68  6:28  Zealot x3  
  74  6:46  Zealot x2  
  74  6:47  Zealot  
  80  6:49  Stalker x3  
  80  7:02  Probe x3  
  83  7:09  Templar Archives  
  83  7:10  Robotics Bay  
  83  7:12  Pylon  
  83  7:14  Probe x2  
  85  7:20  Probe  
  86  7:26  Probe x2  
  88  7:31  Zealot  
  88  7:33  Probe  
  88  7:36  Stalker  
  88  7:37  Stalker x2  
  93  7:38  Probe  
  93  7:42  Stalker  
  96  7:48  High Templar x2  
  96  7:51  High Templar x2  
  102  7:53  Archon  
  99  8:00  Archon  
  99  8:01  Stalker x3  
  98  8:09  Stalker  
  82  8:24  Stalker x3  
Show
View Real Time Build Order
Export as new Build Order

Cereal Zerg - Winner!

Build Orders: 3 Hatch before Pool 

Get SALT Encoding   

  12  0:01  Drone  
  13  0:31  Hatchery  
  12  0:36  Drone  
  12  0:38  Drone  
  14  1:04  Hatchery  
  14  1:08  Drone  
  14  1:11  Extractor  
  14  1:18  Drone  
  14  1:35  Spawning Pool  
  14  1:36  Drone  
  14  1:43  Drone  
  14  1:45  Drone  
  16  1:51  Drone  
  17  1:55  Drone  
  18  2:05  Drone x2  
  20  2:17  Drone x2  
  20  2:19  Overlord  
  22  2:24  Metabolic Boost  
  22  2:33  Queen  
  24  2:39  Queen  
  24  2:42  Drone  
  27  2:44  Drone  
  27  2:48  Drone  
  27  2:49  Drone  
  30  2:54  Overlord  
  30  3:04  Drone x4  
  34  3:08  Overlord  
  34  3:12  Drone  
  35  3:16  Queen  
  37  3:23  Drone x3  
  37  3:24  Drone  
  41  3:28  Overlord  
  41  3:32  Drone x2  
  41  3:33  Drone  
  44  3:35  Drone  
  44  3:38  Drone x2  
  47  3:42  Drone  
  47  3:46  Extractor  
  47  3:47  Drone x3  
  50  3:50  Drone, Extractor  
  50  3:51  Drone  
  50  3:53  Drone  
  52  4:03  Drone, Overlord x2  
  52  4:09  Drone x4  
  57  4:13  Lair  
  57  4:19  Overlord  
  57  4:23  Drone x6  
  63  4:25  Drone  
  63  4:26  Drone  
  63  4:30  Extractor  
  64  4:32  Spore Crawler  
  64  4:36  Drone x2  
  64  4:37  Overlord  
  66  4:40  Drone x5  
  66  4:42  Extractor  
  66  4:43  Extractor  
  69  4:47  Drone x2  
  69  4:48  Drone  
  72  4:57  Drone  
  73  5:00  Zergling x10  
  73  5:01  Zergling x6  
  81  5:10  Drone  
  81  5:11  Overlord x2  
  82  5:16  Hatchery, Spire  
  82  5:17  Drone  
  81  5:28  Overlord x3  
  81  5:30  Zergling x2  
  81  5:31  Zergling x10  
  87  5:37  Zergling x12  
  93  5:43  Overlord x2  
  92  5:52  Zergling x10  
  95  6:03  Zergling x16  
  95  6:18  Drone  
  95  6:19  Drone x8  
  95  6:21  Overlord  
  96  6:32  Mutalisk  
  96  6:33  Zerg Flyer Weapons Level 1, Mutalisk x3  
  96  6:36  Mutalisk  
  103  6:42  Mutalisk x2  
  103  6:43  Mutalisk x9  
  118  6:49  Extractor x2  
  118  6:50  Drone x5  
  119  7:07  Mutalisk x5  
  129  7:10  Overlord x2  
  129  7:17  Mutalisk x2  
  129  7:21  Hatchery  
  132  7:23  Mutalisk  
  132  7:25  Drone x7  
  132  7:28  Overlord  
  141  7:37  Mutalisk  
  141  7:38  Mutalisk x2  
  141  7:40  Zergling x8  
  147  7:46  Mutalisk x2  
  147  7:49  Overseer  
  151  7:57  Mutalisk  
  153  8:05  Hatchery, Mutalisk x2  
Tags
 
Add a new tag
Caveats
  • Supply blocks, unpowered buildings, or Contaminate may cause inaccurate times.
  • Supply counts are checked every 10 seconds.